 Dungeon Crawl Stone Soup version 0.29.0-15-g675c0067aa (webtiles) character file.

Game seed: 14729145332302984065

9 qw the Sneak (level 2, 0/19 HPs)
             Began as a Gargoyle Delver on Sept 11, 2022.
             Slain by an orc
             ... wielding a +0 flail
              (4 damage)
             ... on level 4 of the Dungeon.
             The game lasted 00:00:01 (74 turns).

qw the Sneak (Gargoyle Delver)                        Turns: 74, Time: 00:00:02

Health: 0/19       AC:  5    Str: 15    XL:     2   Next: 12%
Magic:  2/2        EV: 11    Int: 10    God:
Gold:   33         SH:  0    Dex: 11    Spells: 1/1 levels left

rFire   . . .      SeeInvis .   a - +0 hand axe
rCold   . . .      Faith    .   (no shield)
rNeg    + . .      Spirit   .   b - +0 leather armour
rPois   inf        Reflect  .   (no helmet)
rElec   +          Harm     .   (no cloak)
rCorr   .          Rampage  .   (no gloves)
Will    .....                   (no boots)
Stlth   +++.......              (no amulet)
HPRegen 0.06/turn               (no ring)
MPRegen 0.08/turn               (no ring)

@: no status effects
A: sickness immunity, AC +2, negative energy resistance 1, electricity
resistance, torment resistance 1, petrification resistance
a: no special abilities


You were on level 4 of the Dungeon.
You visited 1 branch of the dungeon, and saw 2 of its levels.

You collected 33 gold pieces.


Innate Abilities, Weirdness & Mutations

You are immune to sickness and miasma.
Your stone body is resilient. (AC +2)
You are immune to poison.
You resist negative energy. (rN+)
You are resistant to electric shocks. (rElec)
You are resistant to unholy torment.
You are immune to petrification.


   Skills:
 - Level 3.2 Fighting
 + Level 2.5 Axes
 - Level 1.5 Dodging
 - Level 5.4 Stealth


You had one spell level left.
You didn't know any spells.
Your spell library was empty.

Inventory:

Hand Weapons
 a - a +0 hand axe (weapon)
Missiles
 h - 6 javelins (quivered)
Armour
 b - a +0 leather armour (worn)
Wands
 g - a wand of digging (3)
Potions
 f - a potion of haste

Dungeon Overview and Level Annotations

Branches:
Dungeon (5/15)
 Temple: D:4-7

Altars:
Gozag


Message History

Assign waypoint to what number? (0-9, D - delete waypoint) Waypoint 1 assigned to D:4.
An adder comes into view.
Throw: 6 javelins
Press: ? - help, Q - select action Shift-Dir - straight line, f - adder You throw a javelin.
The javelin pierces through the adder!
You kill the adder!
Your Axes skill increases to level 2!
You have reached level 2!
h - 6 javelins (gained 1)
You open the door.
A hobgoblin, an endoplasm, a scorpion, 3 kobolds and 4 orcs come into view.
A kobold is wielding a +2 dagger of freezing.
An orc priest is wielding a +1 vorpal war axe.
Found 6 gold pieces and a leather armour.
Enter note: A gnoll and an endoplasm come into view.
Found a rapier.
The gnoll shouts!
The hobgoblin shouts!
The kobold shouts!
The orc shouts!
The orc priest barely misses you.
There is an open door here.
The kobold shouts! x2; The orc shouts!
You hit the orc priest.
The orc priest is heavily wounded.
The orc priest misses you.
You slash the orc priest!
The orc priest is almost dead.
You hit the scorpion. The scorpion stings you.
The orc priest invokes the aid of Beogh against you.
Pain shoots through your body! The scorpion closely misses you.
You hit the orc priest but do no damage.
The orc priest is almost dead.
You barely miss the scorpion. You barely miss the orc.
The orc hits you with a +0 flail! The orc priest barely misses you.
The scorpion stings you. The orc hits you with a +0 flail.
You hit the scorpion.
The scorpion is moderately wounded.
You hit the orc. You hit the orc but do no damage.
The scorpion closely misses you. The orc barely misses you.
The orc hits you with a +0 flail.
You die... ##.).## ##..[..## #...$...# #.......# #..gJJK.# #ogoKK# #soo#

####@#######
#...........
#...........
#...........
#.########+#
#..###
#....#
#....##
#..%..#


You could see a scorpion, an orc priest, a gnoll, 3 orcs, 2 endoplasms, a
hobgoblin and 3 kobolds.

Vanquished Creatures
  An adder (D:4)
1 creature vanquished.

Notes
Turn   | Place    | Note
-------+----------+-------------------------------------------
     0 | D:5      | qw the Gargoyle Delver began the quest for the Orb.
     0 | D:5      | Reached XP level 1. HP: 14/14 MP: 1/1
     0 | D:5      | 0 ||| qw: Version: 0.1-a-118-gb4e7ce6
     0 | D:5      | 0 ||| qw: Game counter: 10528
     0 | D:5      | 0 ||| qw: Always use a shield: true
     0 | D:5      | 0 ||| qw: God list: Okawaru
     0 | D:5      | 0 ||| qw: Allow faded altars: false
     0 | D:5      | 0 ||| qw: Do Orc after D:15 true
     0 | D:5      | 0 ||| qw: Do second Lair branch before Depths: true
     0 | D:5      | 0 ||| qw: Lair rune preference: random
     0 | D:5      | 0 ||| qw: Plans: Normal
     0 | D:5      | 0 ||| PLANNING D:1-11
     7 | D:5      | Found an opulent altar of Gozag.
    31 | D:5      | 31 ||| DROPPING scroll of fog.
    32 | D:5      | 32 ||| DROPPING scroll of magic mapping.
    33 | D:5      | 33 ||| DROPPING scroll of fear.
    55 | D:4      | Reached XP level 2. HP: 19/19 MP: 2/2
    69 | D:4      | Noticed a scorpion
    73 | D:4      | HP: 4/19 [orc/+0 flail (2)]
    74 | D:4      | Slain by an orc

Levels and vault maps discovered:
D:4:      minmay_opposing_rooms, layout_loops_ring,
          mainiacjoe_overflow_alcove_3, mainiacjoe_overflow_boulevard,
          minmay_splitting_lines
D:5:      layout_loops_corners, makhleb_altar_promises_db,
          nicolae_gozag_cash_rules_everything_around_me, uniq_prince_ribbit1,
          uniq_blork_the_orc

Skill      XL: |  1 |
---------------+----+-----
Axes           | 2 |  2.5
Fighting       | |  3.2
Dodging        | |  1.5
Stealth        | |  5.4

Action                   || total
-------------------------++-------
Melee: Hand axe          ||     4
Throw: Javelin           ||     1
Dodge: Dodged            ||     6

Table legend:
 A = Non-vault XP
 B = Vault XP
 C = Vault XP percentage of total XP
 D = Non-vault monster count
 E = Vault monster count
 F = Vault count percentage of total count
                 A         B        C        D         E       F
            +---------+---------+-------+---------+---------+-------
      Total |       0 |      13 | 100.0 |       0 |       1 | 100.0
            +---------+---------+-------+---------+---------+-------
        D:4 |       0 |      13 | 100.0 |       0 |       1 | 100.0
            +---------+---------+-------+---------+---------+-------
